 Dungeon Crawl Stone Soup version 0.31-a0-1074-g0b22e4e0f1 (webtiles) character file.

Game seed: 5927902731972256756

2758 Jeffwins the Skirmisher (level 9, -1/67 HPs)
             Began as an Armataur Hunter on Nov 27, 2023.
             Slain by a killer bee zombie (5 damage)
             ... on level 7 of the Dungeon.
             The game lasted 00:11:01 (8910 turns).

Jeffwins the Skirmisher (Armataur Hunter)           Turns: 8910, Time: 00:11:02

Health: -1/67      AC:  4    Str: 17    XL:     9   Next: 41%
Magic:  9/9        EV:  9    Int: 13    God:
Gold:   263        SH:  0    Dex: 14    Spells: 8/8 levels left

rFire   . . .        a - +0 shortbow
rCold   . . .        (shield currently unavailable)
rNeg    . . .        c - +0 leather armour
rPois   .            (no helmet)
rElec   .            (no cloak)
rCorr   .            (no gloves)
SInv    .            (no barding)
Will    .....        (no amulet)
Stlth   +            (no ring)
HPRegen 0.31/turn    (no ring)
MPRegen 0.11/turn

%: roll
@: no status effects
A: large, deformed body, tough skin 3, armoured tail, roll 2, long tongue
a: no special abilities


You were on level 7 of the Dungeon.
You visited 1 branch of the dungeon, and saw 7 of its levels.
You also visited: Ossuary.

You collected 263 gold pieces.


Innate Abilities, Weirdness & Mutations

Armour fits poorly on your strangely shaped body.
You have extremely tough skin. (AC +3)
You have a long armoured tail.
You roll and regenerate health when moving toward enemies. (Rampage Heal)
Your long tongue fully drains potion bottles. (2x potion effects)


   Skills:
 - Level 1.7 Fighting
 * Level 9.0 Ranged Weapons
 - Level 1.3 Dodging
 - Level 1.1 Stealth
 + Level 6.9 Evocations


You had 8 spell levels left.
You didn't know any spells.
Your spell library contained the following spells:

 Spells                   Type           Power      Damage    Failure   Level
 Apportation              Tloc           0%         N/A       36%         1
 Necrotise                Necr           0%         1d4       36%         1
 Sandblast                Erth           0%         2d4       36%         1
 Shock                    Conj/Air       0%         1d3       36%         1
 Summon Small Mammal      Summ           0%         N/A       36%         1
 Passwall                 Tmut/Erth      0%         N/A       50%         2
 Stone Arrow              Conj/Erth      0%         3d7       75%         3
 Swiftness                Air            0%         N/A       75%         3
 Airstrike                Air            0%         2d(0-16)  98%         4
 Brom's Barrelling Bould  Conj/Erth      0%         2d3       98%         4

Inventory:

Hand Weapons
 a - a +0 shortbow (weapon)
Armour
 c - a +0 leather armour (worn)
 v - a +0 cloak
Jewellery
 H - an amulet of faith {!P}
Talismans
 p - a maw talisman
 w - a blade talisman
Wands
 d - a wand of paralysis (4)
 j - a wand of mindburst (2)
 u - a wand of iceblast (2)
Scrolls
 b - a scroll of butterflies
 e - 2 scrolls of vulnerability {!r}
 f - a scroll of immolation {!r}
 g - 2 scrolls of revelation
 i - a scroll of fear
 l - a scroll of teleportation {@r4}
 n - 4 scrolls of silence {!r}
 t - a scroll of enchant armour
 y - a scroll of enchant weapon
 z - a scroll of poison {unknown}
 A - a scroll of noise {unknown}
Potions
 h - 3 potions of curing {@q1}
 k - 5 potions of heal wounds {unknown}
 m - 3 potions of magic {unknown}
 o - 4 potions of degeneration {unknown}
 q - 2 potions of haste {unknown}
 r - 4 potions of mutation {unknown}
 s - a potion of berserk rage {unknown}
 x - a potion of brilliance {unknown}

Dungeon Overview and Level Annotations

Branches:
Dungeon (7/15)            Ossuary (visited)
 Temple: D:4-7

Altars:
Hepliaklqana
Okawaru
Uskayaw

#>##.#.##.....###.##.#.#
#####.##.#.##.###.....##.#.#
......##......# #.######.#.#
####..####.##.###..........#
####..####.##.........##.###
#..<.......####...###.##.#
#.##..###### #.#P..P....# .
...# #.....P.#### ......
#.@.....# #.##.##. ##Z.P..##
#. .# # ##...## .. .. #...#
.. .< #...# #.............
..?............
##.....).......
######...####.


You could see a killer bee zombie.


Message History

Unknown command.
Aiming: Mindburst
Press: ? - help, Shift-Dir - straight line, p - orc
Okay, then.
Unknown command.
Aiming: Mindburst
Press: ? - help, Shift-Dir - straight line, f/p - orc
Aim: an orc, wielding a +0 dagger, wearing a +0 ring mail, wearing a +0 tower shield and quivering poisoned darts (chance to affect: 94%)
The orc's mind is blasted!
You blow up the orc!
You feel sick.
You feel sick.
You feel sick.
You feel sick. The killer bee zombie hits you.
* * * LOW HITPOINT WARNING * * *
You feel sick.
You shoot an arrow.
The arrow closely misses the killer bee zombie.
You feel sick. The killer bee zombie hits you.
* * * LOW HITPOINT WARNING * * *
The killer bee zombie hits you.
* * * LOW HITPOINT WARNING * * *
Unknown command.
You shoot an arrow.
The arrow hits the killer bee zombie but does no damage.
You feel sick.
You are no longer poisoned.
The killer bee zombie barely misses you.
The killer bee zombie hits you.
You die...

Skill      XL: |  1  2  3  4  5  6  7  8  9 |
---------------+----------------------------+-----
Ranged Weapons | 3 4 5 6 8 9 |  9.0
Evocations     | 2 3 4 6 |  6.9
Fighting       | |  1.7
Dodging        | |  1.3
Stealth        | |  1.1

Action                     |  1- 3 |  4- 6 |  7- 9 || total
---------------------------+-------+-------+-------++-------
  Melee: Shortbow          |       |       |     1 ||     1
   Fire: Shortbow          |    89 |   299 |   514 ||   902
  Evoke: Wand              |       |     1 |    29 ||    30
    Use: Potion            |       |     2 |       ||     2
         Scroll            |       |     1 |     7 ||     8
 Armour: Leather armour    |    27 |   158 |   277 ||   462
         Skin              |       |    15 |       ||    15
  Dodge: Dodged            |    16 |    98 |   124 ||   238

Levels and vault maps discovered:
D:1:      scummos_arrival_hexagon, layout_basic, chequers_jeans, corner_web_ring
D:2:      layout_basic, uniq_jessica
D:3:      layout_basic, worldfamousw_hep_ancestral_shrine,
          grunt_decor_resistance, kennysheep_cross_room, uniq_natasha
D:4:      minmay_diamond_boxcup, layout_gridville,
          mainiacjoe_overflow_large_starburst, serial_forest,
          infiniplex_forest_fountain, infiniplex_forest_3_way,
          infiniplex_forest_clump_double, infiniplex_forest_end_1,
          infiniplex_forest_lined_corner, infiniplex_forest_end_double,
          infiniplex_forest_lined_4_way, infiniplex_forest_lined_4_way,
          infiniplex_forest_lined_corner, enter_ossuary_3, minmay_between,
          uniq_menkaure
D:5:      layout_cave_pools
D:6:      lemuel_slime, layout_rooms, billiards_dpeg
D:7:      layout_loops_cross, minmay_temple_entry_sparse_star, serial_undead,
          serial_undead_c, serial_undead_b, serial_undead_e, serial_undead_c,
          serial_undead_d, serial_undead_a, uniq_duvessa

Notes
Turn   | Place    | Note
-------+----------+-------------------------------------------
     0 | D:1      | Jeffwins the Armataur Hunter began the quest for the Orb.
     0 | D:1      | Reached XP level 1. HP: 17/17 MP: 1/1
    11 | D:1      | Reached skill level 3 in Ranged Weapons
   606 | D:1      | Reached XP level 2. HP: 24/24 MP: 2/2
  1035 | D:2      | Reached XP level 3. HP: 28/29 MP: 3/3
  1290 | D:2      | Reached skill level 4 in Ranged Weapons
  1491 | D:2      | Reached XP level 4. HP: 33/36 MP: 4/4
  1523 | D:2      | Noticed Jessica
  1542 | D:2      | HP: 2/36 [Jessica/+0 dagger (4)]
  1547 | D:2      | Killed Jessica
  1907 | D:3      | Noticed Natasha
  1913 | D:3      | Killed Natasha
  1914 | D:3      | Reached XP level 5. HP: 32/41 MP: 5/5
  2084 | D:3      | Reached skill level 1 in Evocations
  2321 | D:3      | Noticed Natasha
  2333 | D:3      | HP: 2/41 [Natasha/magic dart (5)]
  2338 | D:3      | Killed Natasha
  2462 | D:3      | Found a hazy altar of Hepliaklqana.
  2642 | D:3      | Reached skill level 5 in Ranged Weapons
  2673 | D:3      | Noticed Natasha
  2678 | D:3      | Killed Natasha
  3701 | D:4      | Noticed Menkaure
  3707 | D:4      | Killed Menkaure
  3708 | D:4      | Reached skill level 2 in Evocations
  3708 | D:4      | Reached XP level 6. HP: 48/48 MP: 6/6
  3771 | D:4      | Found a sand-covered staircase.
  3824 | Ossuary  | Entered an ossuary
  4117 | Ossuary  | Reached skill level 3 in Evocations
  4256 | Ossuary  | Gained mutation: You roll and regenerate health when moving
                  | toward enemies. (Rampage Heal) [Armataur growth]
  4256 | Ossuary  | Reached XP level 7. HP: 30/53 MP: 7/7
  4463 | Ossuary  | Reached skill level 6 in Ranged Weapons
  4839 | D:4      | Found an iron altar of Okawaru.
  4946 | D:4      | Found a hide-covered altar of Uskayaw.
  5271 | D:4      | Reached skill level 4 in Evocations
  5802 | D:5      | Entered Level 5 of the Dungeon
  5805 | D:5      | Reached XP level 8. HP: 60/60 MP: 8/8
  5953 | D:5      | Reached skill level 7 in Ranged Weapons
  6640 | D:6      | Reached skill level 5 in Evocations
  7191 | D:5      | Reached skill level 8 in Ranged Weapons
  7567 | D:6      | Reached skill level 6 in Evocations
  7851 | D:6      | Noticed an oklob plant
  7881 | D:6      | Reached XP level 9. HP: 44/67 MP: 9/9
  8238 | D:6      | Killed an oklob plant
  8878 | D:7      | Reached skill level 9 in Ranged Weapons
  8909 | D:7      | HP: 5/67 [killer bee zombie (5)]
  8910 | D:7      | Slain by a killer bee zombie

Vanquished Creatures
  An oklob plant (D:6)
  A steam dragon (D:6)
  Menkaure (D:4)
  3 water moccasins
  An ice beast (D:4)
  2 sky beasts
  A phantom (D:5)
  2 elf zombies (Ossuary)
  4 scorpions
  A water moccasin zombie (D:7)
  A bullfrog zombie (D:7)
  2 hounds
  7 jellies
  4 centaur zombies
  2 sleepcaps
  Jessica (D:2)
  3 iguanas
  Natasha (thrice) (D:3)
  4 orc wizards
  2 mummies (Ossuary)
  3 gnolls (D:4)
  14 adders
  5 dart slugs
  12 orcs
  23 endoplasms
  2 giant cockroaches (D:3)
  7 goblins
  10 hobgoblins
  12 ball pythons
  4 bats
  2 frilled lizards (D:2)
  3 goblin zombies (Ossuary)
  10 hobgoblin zombies (Ossuary)
  5 jackal zombies
  6 kobolds
  10 kobold zombies (Ossuary)
  7 orc zombies (Ossuary)
  2 rats
183 creatures vanquished.

Table legend: (Time is in decaauts)
 A = Elapsed time spent in this place.
 B = Non-inter-level travel time spent in this place.
 C = Inter-level travel time spent in this place.
 D = Time resting spent in this place.
 E = Time spent auto-exploring this place.
 F = Levels seen in this place.
 G = Mean time per level.
                   A        B        C        D        E       F      G
               +--------+--------+--------+--------+--------+-----+--------+
         Total |   9021 |   7995 |   1026 |    940 |   5326 |   8 | 1127.6 |
       Dungeon |   8250 |   7224 |   1026 |    940 |   4977 |   7 | 1178.6 |
       Ossuary |    770 |    770 |      0 |      0 |    349 |   1 |  770.0 |
               +--------+--------+--------+--------+--------+-----+--------+

Top non-repeatable levels by time:
     D:3: 1904 daAuts
     D:6: 1494 daAuts
     D:4: 1399 daAuts
     D:5: 1067 daAuts
     D:1: 953 daAuts
     D:2: 869 daAuts
 Ossuary: 770 daAuts
     D:7: 562 daAuts

Table legend:
 A = Non-vault XP
 B = Vault XP
 C = Vault XP percentage of total XP
 D = Non-vault monster count
 E = Vault monster count
 F = Vault count percentage of total count
                 A         B        C        D         E       F
            +---------+---------+-------+---------+---------+-------
      Total |    2081 |    1859 |  47.2 |     100 |      83 |  45.4
            +---------+---------+-------+---------+---------+-------
        D:1 |      16 |       0 |   0.0 |       9 |       0 |   0.0
        D:2 |     104 |      37 |  26.2 |      21 |       1 |   4.5
        D:3 |     130 |      35 |  21.2 |      21 |       1 |   4.5
        D:4 |     393 |     403 |  50.6 |      19 |      13 |  40.6
        D:5 |     435 |      36 |   7.6 |      12 |       1 |   7.7
        D:6 |     731 |     782 |  51.7 |      15 |      23 |  60.5
        D:7 |     272 |     264 |  49.3 |       3 |       5 |  62.5
    Ossuary |       0 |     302 | 100.0 |       0 |      39 | 100.0
            +---------+---------+-------+---------+---------+-------
